 Dungeon Crawl Stone Soup version 0.28.0-53-g5a82cb258f (webtiles) character file.

Game seed: 16081661652069168428

280 kblaster33 the Chopper (level 6, 0/47 HPs)
             Began as a Vampire Fighter on Aug 16, 2022.
             Was an Initiate of Nemelex Xobeh.
             Slain by Grinder the hellwing (7 damage)
             ... on level 4 of the Dungeon.
             The game lasted 00:15:53 (2776 turns).

kblaster33 the Chopper (Vampire Fighter)            Turns: 2776, Time: 00:15:54

Health: 0/47       AC: 10    Str: 15    XL:     6   Next: 5%
Magic:  6/6        EV:  9    Int: 10    God:    Nemelex Xobeh [......]
Gold:   136        SH:  4    Dex: 16    Spells: 5/5 levels left

rFire   . . .      SeeInvis +   a - +1 war axe
rCold   . . .      Faith    .   c - +0 buckler
rNeg    . . .      Spirit   .   b - +0 scale mail
rPois   +          Reflect  .   (no helmet)
rElec   .          Harm     .   (no cloak)
rCorr   .          Rampage  .   (no gloves)
Will    .....                   (no boots)
Stlth   ..........              (no amulet)
HPRegen 0.35/turn               e - ring of poison resistance
MPRegen 0.10/turn               j - +4 ring of protection

@: healing quickly
A: alive, fangs 3, see invisible, vampiric 2
a: Exsanguinate, Renounce Religion, Draw Escape, Draw Destruction, Draw
Summoning


You were on level 4 of the Dungeon.
You worshipped Nemelex Xobeh.
Nemelex Xobeh was noncommittal.
You visited 2 branches of the dungeon, and saw 5 of its levels.

You collected 136 gold pieces.

Inventory:

Hand Weapons
 a - a +1 war axe (weapon)
 p - a +0 short sword of freezing
 s - a +2 dagger of draining
Armour
 b - a +0 scale mail (worn)
 c - a +0 buckler (worn)
Jewellery
 e - a ring of poison resistance (left hand)
 h - a ring of ice
 j - a +4 ring of protection (right hand)
 o - a ring of magical power
 q - a ring of positive energy
Wands
 r - a wand of flame (8)
 t - a wand of polymorph (1)
Scrolls
 l - 3 scrolls of teleportation {unknown}
 m - 3 scrolls of identify {unknown}
 n - a scroll of magic mapping {unknown}
Potions
 d - a potion of might
 i - 2 potions of curing {unknown}
 k - a potion of heal wounds {unknown}


   Skills:
 + Level 3.3(1.6) Fighting
 + Level 1.2(0.6) Short Blades
 + Level 3.9(1.9) Axes
 + Level 3.3(1.6) Armour
 + Level 1.5(0.7) Dodging
 + Level 0.2(0.1) Stealth
 + Level 3.2(1.6) Shields


You had 5 spell levels left.
You didn't know any spells.
Your spell library contained the following spells:

 Spells                   Type           Power      Damage    Failure   Level
 Shock                    Conj/Air       0%         1d3       90%         1
 Corpse Rot               Necr/Air       0%         N/A       97%         2
 Poisonous Vapours        Pois/Air       0%         N/A       97%         2
 Swiftness                Air            0%         N/A       99%         3
 Airstrike                Air            0%         N/A       100%        4


Dungeon Overview and Level Annotations

Branches:
Dungeon (4/15)             Temple (1/1) D:4

Altars:
Ashenzari
Cheibriados
Dithmenos
Elyvilon
Fedhas
Kikubaaqudgha
Nemelex Xobeh
Okawaru
Ru
Trog
Uskayaw
Vehumet
Wu Jian
Xom
Yredelemnul
Zin

Annotations:
D:4 Grinder


Innate Abilities, Weirdness & Mutations

Your natural rate of healing is accelerated.
You have razor-sharp teeth.
You have supernaturally acute eyesight. (SInv)
You are afflicted with vampirism and can become a bat while bloodless.


Message History

Aiming: Throw Flame
Press: ? - help, Q - select action, (/) - cycle Shift-Dir - straight line, f/p - Grinder
Aim: Grinder the hellwing (68% to hit)
The puff of flame hits Grinder.
Grinder is lightly wounded.
Grinder hits you but does no damage. Grinder completely misses you.
Aiming: Polymorph
Press: ? - help, Q - select action, (/) - cycle Shift-Dir - straight line, f/p - Grinder
Aim: Grinder the hellwing (lightly wounded, will become a neqoxec, a red devil, or a smoke demon, chance to affect: 17%) Grinder resists with almost no effort.
You block Grinder's attack. Grinder closely misses you.
Aiming: Throw Flame
Press: ? - help, Q - select action, (/) - cycle Shift-Dir - straight line, f/p - Grinder
Aim: Grinder the hellwing (lightly wounded, 68% to hit)
The puff of flame hits Grinder.
Grinder is lightly wounded.
Grinder hits you but does no damage. x2
Unknown command.
As you read the scroll labelled SALAORH WEBIO, it crumbles to dust.
The scroll dissolves into smoke.
It was a scroll of fog.
Grinder hits you.
* * * LOW HITPOINT WARNING * * *
Grinder hits you.
* * * LOW HITPOINT WARNING * * *
As you read the scroll labelled ZIDUNO BEPHOWI, it crumbles to dust.
It is a scroll of enchant weapon.
Your +0 war axe glows red for a moment.
Grinder barely misses you. x2
Unknown command.
a - a +1 war axe (weapon)
Grinder closely misses you. Grinder hits you.
* * * LOW HITPOINT WARNING * * *
You slash Grinder!
Grinder is lightly wounded.
Grinder hits you.
* * * LOW HITPOINT WARNING * * *
Grinder hits you but does no damage.
You slash Grinder!
Grinder is moderately wounded.
You block Grinder's attack. Grinder hits you!
You die...
Your body disappears without a glow.

..........# #.# #
.>..# #.# #
#.#.######.#
#######.....!....#
.........# #?#
#######..#######§#
#.........?..§§§#
#.####.########4#
#.# #@# #.# #§#
#.# #§# ..# #.# #.
..# .. ### .# .#
.#


You could see Grinder the hellwing.

Vanquished Creatures
  A black bear (D:4)
  Ijyb (D:4)
  An orc wizard (D:4)
  3 gnolls (D:2)
  3 adders
  4 dart slugs
  4 orcs (D:4)
  7 ball pythons
  9 endoplasms
  3 giant cockroaches
  5 goblins
  3 hobgoblins
  9 kobolds
  7 quokkas
  6 bats
  2 frilled lizards (D:2)
  6 rats
74 creatures vanquished.

Notes
Turn   | Place    | Note
-------+----------+-------------------------------------------
     0 | D:1      | kblaster33 the Vampire Fighter began the quest for the Orb.
     0 | D:1      | Reached XP level 1. HP: 17/17 MP: 1/1
   157 | D:1      | Reached XP level 2. HP: 14/23 MP: 2/2
   601 | D:1      | Gained mutation: You are afflicted with vampirism and can
                  | become a bat while bloodless. [Vampire growth]
   601 | D:1      | Reached XP level 3. HP: 29/29 MP: 3/3
  1010 | D:2      | Reached XP level 4. HP: 23/35 MP: 4/4
  1167 | D:2      | Reached skill level 1 in Dodging
  2191 | D:4      | Noticed Ijyb
  2204 | D:4      | Killed Ijyb
  2205 | D:4      | Reached XP level 5. HP: 28/41 MP: 5/5
  2253 | D:4      | Noticed a black bear
  2265 | D:4      | Killed a black bear
  2327 | D:4      | Found a staircase to the Ecumenical Temple.
  2333 | Temple   | Entered the Ecumenical Temple
  2442 | Temple   | Became a worshipper of Ashenzari the Shackled
  2584 | D:4      | Reached skill level 1 in Short Blades
  2584 | D:4      | Reached XP level 6. HP: 47/47 MP: 6/6
  2621 | D:4      | Found a sparkling altar of Nemelex Xobeh.
  2627 | D:4      | Fell from the grace of Ashenzari
  2627 | D:4      | Became a worshipper of Nemelex Xobeh the Trickster
  2740 | D:4      | Noticed Grinder
  2742 | D:4      | Paralysed by Grinder for 2 turns
  2747 | D:4      | Paralysed by Grinder for 5 turns
  2759 | D:4      | Paralysed by Grinder for 7 turns
  2767 | D:4      | Noticed Grinder
  2767 | D:4      | Grinder changed into Grinder the hellwing
  2776 | D:4      | Slain by Grinder the hellwing

Illustrated notes

Levels and vault maps discovered:
D:1:      dpeg_arrival_boxorama, layout_basic
D:2:      layout_loops_ring
D:3:      layout_rooms
D:4:      layout_loops_ring, grunt_gozag_breadcrumbs, nemelex_dance_club_becter,
          minmay_temple_entry_enclosed_plants, uniq_ijyb, uniq_grinder
Temple:   regret_index_temple_waves

Skill      XL: |  1  2  3  4  5 |
---------------+----------------+-----
Axes           | 2 3 |  3.9
Fighting       | 3 |  3.3
Shields        | 3 |  3.2
Dodging        | 1 |  1.5
Armour         | 3 |  3.3
Short Blades   | 1 |  1.2
Stealth        | |  0.2

Action                   |  1- 3 |  4- 6 || total
-------------------------+-------+-------++-------
Melee: War axe           |    98 |    75 ||   173
       Bite              |     7 |    10 ||    17
       Dagger            |       |    45 ||    45
Evoke: Wand              |       |     4 ||     4
  Use: Scroll            |       |     2 ||     2
Armor: Scale mail        |    82 |    78 ||   160
Dodge: Dodged            |    48 |    55 ||   103
Block: Buckler           |    26 |    32 ||    58
